Map: Recolector del cielo

Players

MrFercho

  • Race: Terran Terran
  • Spawn Location: 3:00

tigro

  • Race: Terran Terran
  • Spawn Location: 0:00

IA (Élite)

  • Race: Protoss Protoss
  • Spawn Location: 6:00

VOD

Have the link to the VOD?

Description

Time

  • Played on: Oct. 3, 2018, 11:26 p.m.
  • Length: 19:03
Show
View Real Time Build Order
Export as new Build Order

MrFercho Terran 

Build Orders:  

Get SALT Encoding   

  12  0:06  SCV  
  13  0:18  SCV  
  13  0:19  Supply Depot  
  14  0:30  SCV  
  14  0:34  Refinery  
  15  0:57  Supply Depot, SCV  
  15  1:03  Barracks  
  16  1:28  Supply Depot  
  16  1:30  SCV  
  17  1:42  SCV  
  18  1:54  SCV  
  19  2:07  SCV  
  20  2:18  Refinery  
  20  2:19  SCV  
  21  2:29  Barracks  
  21  2:31  SCV  
  21  2:32  Marine  
  23  2:43  SCV  
  24  2:46  Command Center  
  24  2:49  Marine  
  25  2:55  SCV  
  26  3:14  SCV  
  27  3:26  SCV  
  28  3:28  Engineering Bay  
  28  3:31  Barracks Tech Lab x2  
  28  3:38  SCV  
  29  3:50  SCV  
  29  3:54  Engineering Bay  
  30  3:55  Refinery  
  30  4:01  Refinery  
  30  4:02  SCV  
  31  4:18  Factory  
  31  4:19  Factory  
  31  4:38  Orbital Command  
  31  4:41  Orbital Command  
  31  5:20  Command Center  
  31  5:23  SCV  
  31  5:24  SCV, Refinery  
  33  5:35  SCV  
  33  5:36  Factory Tech Lab x2, SCV  
  33  5:40  Starport  
  35  5:45  Marauder x2  
  35  5:48  Refinery, SCV x2  
  41  6:00  SCV x2  
  43  6:06  Marine x2  
  43  6:10  Hi-Sec Auto Tracking  
  43  6:11  Supply Depot  
  45  6:12  SCV x2  
  45  6:13  Terran Infantry Weapons Level 1  
  45  6:17  Starport  
  47  6:22  Cyclone  
  50  6:34  Supply Depot  
  50  6:51  Orbital Command  
  50  6:58  SCV x2  
  52  7:06  Supply Depot  
  52  7:10  SCV x2  
  52  7:11  Starport Tech Lab  
  52  7:12  Starport Tech Lab  
  54  7:22  SCV x2  
  56  7:26  Armory  
  56  7:29  Supply Depot  
  56  7:34  SCV  
  57  7:46  SCV  
  57  7:51  Marine x2  
  59  7:56  Banshee x2  
  66  7:58  SCV  
  67  8:09  Marine  
  67  8:11  SCV  
  69  8:13  Thor  
  69  8:14  Thor  
  69  8:15  Armory  
  81  8:39  Banshee x2  
  87  8:56  Siege Tank  
  87  8:57  Missile Turret  
  90  9:11  SCV  
  90  9:16  SCV  
  92  9:17  Missile Turret  
  92  9:21  Banshee  
  92  9:22  Banshee  
  92  9:23  SCV  
  99  9:28  SCV  
  89  9:35  SCV  
  89  9:37  Missile Turret  
  89  9:40  SCV  
  90  9:45  Command Center  
  90  9:47  SCV  
  90  9:51  Refinery  
  90  9:52  Refinery  
  68  9:53  SCV  
  70  10:00  SCV  
  70  10:05  Hellion x2, SCV  
  62  10:22  Raven  
  62  10:26  Hellion x2  
  68  10:38  Missile Turret  
  68  10:40  Missile Turret  
  68  10:44  Missile Turret  
  68  10:47  Hellion x2  
  72  10:54  Banshee  
  75  11:02  Marauder x2  
  75  11:03  Missile Turret  
  79  11:05  Banshee  
  79  11:07  Neosteel Armor, Neosteel Frame  
  79  11:09  Hellion  
  84  11:14  Terran Vehicle And Ship Armor Level 1  
  84  11:15  Terran Vehicle Weapons Level 1  
  84  11:23  Marauder, Marine  
  87  11:37  Banshee  
  90  11:40  Marine  
  90  11:41  Bunker  
  90  11:44  Marine  
  92  11:47  Banshee  
  95  12:08  Thor  
  101  12:10  Siege Tank  
  101  12:12  Bunker  
  104  12:20  Viking  
  106  12:27  Combat Shield, Terran Infantry Armor Level 1  
  106  12:34  Infernal Pre-Igniter  
  106  12:36  Rapid Fire Launchers  
  106  12:41  Cloaking Field  
  106  12:42  Siege Tank  
  106  12:43  Hyperflight Rotors  
  109  12:47  Terran Infantry Weapons Level 2  
  109  12:49  Stimpack  
  109  12:51  Cyclone  
  111  13:08  Terran Ship Weapons Level 1  
  111  13:11  Missile Turret  
  98  13:32  Missile Turret  
  98  13:45  Concussive Shells  
  98  13:49  Thor x2  
  98  13:52  Missile Turret  
  98  13:53  Drilling Claws  
  98  13:54  Medivac, Smart Servos  
  98  13:55  Banshee  
  115  13:59  Marauder, Corvid Reactor  
  115  14:00  Marauder  
  64  14:24  Banshee  
  66  14:31  Thor  
  66  14:32  Thor  
  70  14:44  Rapid Reignition System  
  51  15:48  Siege Tank x2  
  51  15:53  Marauder x2  
  51  16:14  Marine x2  
  53  16:20  Siege Tank  
  59  16:32  Marine x2  
  52  16:50  Marine  
Show
View Real Time Build Order
Export as new Build Order

tigro Terran 

Build Orders:  

Get SALT Encoding   

  12  0:09  SCV  
  13  0:21  Supply Depot, SCV  
  14  0:32  Refinery  
  14  0:42  Refinery  
  14  0:56  Barracks  
  14  1:06  SCV  
  15  1:18  SCV  
  16  1:31  SCV  
  17  1:44  Engineering Bay  
  17  2:14  Barracks Tech Lab  
  17  2:18  Terran Infantry Weapons Level 1  
  17  2:23  SCV  
  18  2:35  SCV  
  19  2:38  Command Center  
  19  2:40  Supply Depot  
  19  2:43  Marauder  
  21  3:04  Marauder, Supply Depot  
  23  3:23  SCV  
  23  3:25  Marauder  
  26  3:39  Missile Turret  
  26  3:47  Marauder  
  28  4:02  Ghost Academy  
  28  4:08  Marauder  
  30  4:12  Refinery  
  30  4:13  SCV  
  31  4:25  SCV  
  32  4:33  Factory  
  32  4:37  SCV  
  33  4:40  Combat Shield  
  33  4:54  Barracks  
  33  5:07  Refinery  
  33  5:09  SCV  
  34  5:21  SCV  
  35  5:29  Factory  
  35  5:30  Factory Tech Lab  
  35  5:33  SCV  
  35  5:34  Marauder  
  38  5:45  SCV  
  39  5:59  Armory  
  39  6:20  Stimpack  
  39  7:09  Starport  
  39  7:26  Barracks Tech Lab  
  39  7:27  Marine  
  40  7:31  Planetary Fortress  
  40  7:35  Missile Turret, Personal Cloaking  
  40  7:37  Terran Infantry Weapons Level 2  
  40  7:44  Terran Vehicle Weapons Level 1  
  40  7:45  Marine  
  40  7:47  Starport  
  41  8:00  Concussive Shells  
  41  8:03  Marine  
  41  8:05  Infernal Pre-Igniter  
  42  8:10  Factory Tech Lab  
  42  8:19  SCV  
  43  8:21  Marine  
  43  8:22  Starport Tech Lab  
  44  8:31  SCV  
  45  8:37  Bunker  
  45  8:39  Marine  
  46  8:51  Starport Tech Lab  
  46  8:54  Rapid Reignition System  
  46  9:03  SCV  
  47  9:12  Missile Turret  
  47  9:23  Rapid Fire Launchers  
  47  9:51  Corvid Reactor  
  47  9:53  Terran Infantry Armor Level 1  
  32  10:02  Marauder  
  32  10:04  Marine  
  33  10:22  Marine, Siege Tank  
  33  10:23  Marauder, Siege Tank  
  42  10:40  Marine  
  42  10:42  Drilling Claws  
  43  10:45  Marauder  
  45  10:54  Siege Tank  
  45  10:55  Siege Tank  
  51  10:58  Marine  
  52  11:06  Marauder  
  54  11:17  Terran Vehicle Weapons Level 2  
  54  11:20  Fusion Core  
  54  11:34  Supply Depot  
  54  11:48  Hi-Sec Auto Tracking  
  54  11:55  Marine  
  54  11:56  Marauder  
  54  12:01  Smart Servos  
  57  12:14  Marauder, Supply Depot  
  59  12:34  Weapon Refit  
  59  12:36  Battlecruiser  
  65  12:38  Supply Depot  
  65  12:44  Neosteel Frame  
  65  12:53  Refinery  
  65  12:58  Marine x2  
  65  12:59  Battlecruiser  
  73  13:16  Marine x2  
  75  13:33  Terran Vehicle And Ship Armor Level 1  
  75  13:34  Marine x2  
  77  13:52  Marine  
  78  14:03  Neosteel Armor  
  78  14:07  Refinery  
  78  14:22  Medivac, Marine  
  78  14:23  Marine  
  50  14:41  Marine  
  44  14:50  Marauder  
  44  14:52  Medivac  
  21  15:27  Terran Ship Weapons Level 1  
  19  15:33  Battlecruiser x2  
  31  15:42  Siege Tank  
  28  16:37  Banshee x2  
  28  16:38  Planetary Fortress  
  34  16:41  Barracks  
  20  17:20  Banshee x2  
  20  18:00  Barracks Tech Lab  
Show
View Real Time Build Order
Export as new Build Order

IA (Élite) Protoss 

Build Orders: 1 Gate Expand, Zealot Archon 

Get SALT Encoding   

  12  0:01  Probe  
  13  0:13  Probe  
  14  0:20  Pylon  
  14  0:25  Probe  
  15  0:35  Probe  
  16  0:43  Probe  
  17  0:51  Gateway, Probe  
  18  1:00  Probe  
  19  1:08  Probe  
  19  1:11  Assimilator  
  19  1:14  Pylon  
  20  1:34  Nexus  
  20  1:42  Cybernetics Core  
  20  1:44  Probe  
  20  1:45  Zealot  
  23  2:04  Gateway  
  23  2:05  Probe  
  24  2:16  Pylon  
  24  2:17  Probe  
  24  2:22  Zealot  
  27  2:24  Warp Gate  
  27  2:29  Probe  
  28  2:38  Assimilator  
  28  2:41  Probe  
  28  2:42  Probe  
  29  2:46  Adept  
  29  2:50  Adept  
  32  2:58  Probe  
  35  3:03  Pylon, Probe  
  36  3:13  Adept  
  38  3:20  Sentry  
  38  3:22  Probe  
  38  3:24  Probe  
  42  3:34  Probe  
  42  3:36  Probe  
  42  3:40  Robotics Facility  
  44  3:42  Adept  
  44  3:43  Stalker  
  44  3:46  Probe  
  49  3:49  Probe  
  50  3:58  Probe  
  50  4:01  Probe  
  52  4:10  Pylon, Probe  
  52  4:13  Probe  
  54  4:18  Adept  
  54  4:23  Probe  
  57  4:25  Probe  
  57  4:28  Stalker  
  57  4:30  Immortal  
  64  4:31  Pylon  
  64  4:35  Stalker, Probe  
  64  4:37  Probe  
  68  4:44  Probe  
  68  4:48  Robotics Facility  
  68  4:49  Probe  
  68  4:51  Stalker  
  72  4:55  Probe  
  73  5:01  Probe  
  74  5:08  Pylon  
  74  5:09  Immortal  
  74  5:10  Pylon  
  78  5:24  Assimilator  
  78  5:26  Probe  
  79  5:28  Probe  
  79  5:29  Twilight Council  
  79  5:30  Gateway  
  79  5:32  Assimilator  
  80  5:44  Probe  
  80  5:45  Zealot  
  80  5:46  Probe  
  80  5:49  Pylon  
  84  5:53  Probe  
  85  5:58  Probe  
  86  6:08  Dark Shrine  
  86  6:12  Protoss Ground Weapons Level 1  
  86  6:13  Stalker  
  86  6:14  Forge  
  86  6:17  Forge  
  86  6:18  Stalker  
  90  6:20  Pylon  
  90  6:21  Nexus  
  90  6:25  Stalker  
  92  6:29  Stalker  
  94  6:38  Protoss Ground Armor Level 1  
  94  6:42  Sentry  
  94  6:43  Pylon  
  94  6:46  Gateway  
  96  7:06  Pylon  
  96  7:16  Observer  
  96  7:18  Zealot  
  96  7:21  Dark Templar x2  
  96  7:22  Photon Cannon  
  103  7:25  Photon Cannon  
  103  7:28  Pylon  
  103  7:33  Probe x3  
  103  7:35  Archon  
  106  7:38  Templar Archives  
  106  7:45  Probe  
  106  7:46  Probe x2  
  106  7:49  Assimilator  
  106  7:51  Pylon  
  109  7:54  Gateway  
  109  7:57  Photon Cannon, Probe  
  109  7:58  Probe  
  111  7:59  Assimilator, Probe  
  111  8:02  Photon Cannon  
  111  8:05  Psionic Storm  
  112  8:09  Probe  
  112  8:10  Probe  
  112  8:11  Photon Cannon  
  112  8:12  Probe  
  115  8:13  Stalker  
  115  8:15  Pylon  
  115  8:16  High Templar  
  119  8:21  Probe  
  119  8:22  Probe  
  119  8:24  Probe  
  119  8:25  High Templar  
  124  8:29  Warp Prism  
  124  8:31  Probe  
  124  8:33  Probe  
  127  8:35  Photon Cannon, High Templar  
  127  8:36  Probe  
  127  8:37  Photon Cannon  
  131  8:44  High Templar  
  131  8:46  Archon  
  133  8:54  High Templar  
  135  8:56  Warp Prism  
  137  9:03  Gateway, High Templar, Nexus  
  137  9:05  Archon  
  139  9:13  High Templar  
  139  9:14  Photon Cannon  
  141  9:22  High Templar  
  143  9:25  Archon  
  143  9:27  Photon Cannon  
  143  9:29  Photon Cannon  
  141  9:32  High Templar  
  141  9:38  Zealot  
  145  9:40  Zealot  
  145  9:44  Pylon  
  145  9:45  High Templar  
  131  9:54  Sentry  
  131  9:55  Sentry  
  131  9:56  Zealot  
  131  9:57  Zealot  
  127  10:01  Photon Cannon  
  127  10:04  Stalker  
  127  10:06  Gateway  
  129  10:13  Zealot  
  129  10:14  High Templar  
  133  10:16  Sentry  
  133  10:17  Zealot  
  133  10:18  Zealot  
  133  10:20  Assimilator  
  139  10:22  Pylon  
  139  10:23  Assimilator  
  139  10:28  Stalker, Protoss Ground Weapons Level 2, Adept  
  143  10:32  Stalker  
  143  10:34  Photon Cannon, Nexus  
  145  10:37  Stalker  
  145  10:38  High Templar  
  149  10:45  Photon Cannon  
  149  10:46  Zealot  
  149  10:47  High Templar  
  149  10:48  Pylon  
  153  10:56  Archon  
  153  10:57  Archon  
  153  10:59  Dark Templar, Archon  
  155  11:05  High Templar  
  155  11:11  Photon Cannon  
  157  11:12  Photon Cannon, High Templar  
  157  11:14  Photon Cannon, Archon  
  159  11:19  Dark Templar  
  159  11:22  Observer  
  159  11:23  Archon  
  162  11:28  Dark Templar  
  164  11:33  Observer  
  164  11:34  Dark Templar  
  164  11:39  Archon  
  167  11:43  Dark Templar  
  169  11:49  Dark Templar  
  169  11:54  Archon  
  171  11:56  Dark Templar  
  173  12:01  Dark Templar  
  173  12:04  Pylon  
  173  12:07  Assimilator  
  173  12:08  High Templar, Nexus  
  175  12:09  Assimilator, Archon  
  177  12:16  High Templar  
  179  12:23  High Templar  
  181  12:30  High Templar  
  181  12:31  Protoss Ground Armor Level 2  
  181  12:35  Immortal  
  187  12:39  Immortal  
  191  12:45  Charge  
  191  12:52  Robotics Bay  
  191  12:54  Archon  
  191  12:55  Archon  
  191  12:57  Archon  
  191  13:21  Forge  
  191  13:28  Colossus  
  191  13:34  Disruptor  
  191  13:36  Gravitic Boosters  
  191  13:37  Assimilator  
  197  13:45  Pylon  
  197  13:48  Robotics Facility  
  200  13:50  Stargate  
  200  13:53  Assimilator  
  200  14:04  Stalker  
  200  14:05  Immortal  
  190  14:10  Blink  
  190  14:13  Adept  
  188  14:17  Adept x2, Gravitic Drive  
  188  14:18  Protoss Ground Weapons Level 3  
  188  14:19  Photon Cannon  
  188  14:21  Pylon  
  188  14:22  Colossus  
  193  14:34  Disruptor  
  193  14:37  Void Ray, Observer  
  187  14:42  Zealot  
  187  14:44  Photon Cannon  
  177  14:46  Zealot  
  177  14:47  Protoss Ground Armor Level 3  
  175  14:55  Zealot  
  175  14:58  Immortal  
  181  15:09  Colossus  
  187  15:14  Observer  
  187  15:15  Extended Thermal Lance  
  187  15:19  Void Ray  
  192  15:29  Observer  
  192  15:32  Stalker x2, Immortal  
  193  15:46  Protoss Shields Level 1  
  193  15:54  Colossus  
  193  16:02  Adept, Disruptor, Zealot  
  200  16:10  Observer  
  200  16:50  Stalker  
  200  17:01  Void Ray  
  200  17:10  Stalker  
  200  18:05  Nexus  
Tags
 
Add a new tag
Caveats
  • Supply blocks, unpowered buildings, or Contaminate may cause inaccurate times.
  • Supply counts are checked every 10 seconds.